 Dungeon Crawl Stone Soup version 0.29.1-15-g9cfb28693d (webtiles) character file.

Game seed: 383162772358842059

322 bmack86 the Chopper (level 6, -1/51 HPs)
             Began as a Minotaur Fighter on Apr 1, 2024.
             Slain by a killer bee (5 damage)
             ... on level 3 of the Dungeon on Apr 2, 2024.
             The game lasted 00:06:23 (3294 turns).

bmack86 the Chopper (Minotaur Fighter)              Turns: 3294, Time: 00:06:24

Health: -1/51      AC:  8    Str: 22    XL:     6   Next: 22%
Magic:  5/5        EV: 13    Int:  5    God:
Gold:   180        SH:  5    Dex: 10    Spells: 5/5 levels left

rFire   . . .      SeeInvis .   a - +0 war axe
rCold   . . .      Faith    .   c - +0 buckler
rNeg    . . .      Spirit   .   b - +0 scale mail
rPois   .          Reflect  .   (helmet restricted)
rElec   .          Harm     .   r - +0 cloak
rCorr   +          Rampage  .   (no gloves)
Will    .....                   (no boots)
Stlth   ..........              (no amulet)
HPRegen 0.17/turn               k - +4 ring of evasion
MPRegen 0.09/turn               f - ring of resist corrosion

@: mighty, lethally poisoned (-1 -> -7)
A: horns 2, retaliatory headbutt
a: no special abilities


You were on level 3 of the Dungeon.
You visited 1 branch of the dungeon, and saw 4 of its levels.

You collected 180 gold pieces.

Inventory:

Hand Weapons
 a - a +0 war axe (weapon)
Armour
 b - a +0 scale mail (worn)
 c - a +0 buckler (worn)
 r - a +0 cloak (worn)
Jewellery
 f - a ring of resist corrosion (right hand)
 k - a +4 ring of evasion (left hand)
 p - a ring of ice
Wands
 j - a wand of acid (7)
Scrolls
 g - a scroll of silence
 i - a scroll of enchant armour {unknown}
 l - a scroll of blinking {unknown}
 n - 3 scrolls of poison {unknown}
 q - a scroll of teleportation {unknown}
Potions
 h - a potion of heal wounds
 o - 3 potions of ambrosia


   Skills:
 - Level 3.6 Fighting
 + Level 7.2 Axes
 - Level 3.6 Armour
 - Level 5.0 Shields


You had 5 spell levels left.
You didn't know any spells.
Your spell library contained the following spells:

 Spells                   Type           Power      Damage    Failure   Level
 Frozen Ramparts          Ice            0%         1d1       99%         3
 Ice Form                 Ice/Tmut       0%         N/A       100%        4
 Summon Ice Beast         Ice/Summ       0%         N/A       100%        4


Dungeon Overview and Level Annotations

Branches:
Dungeon (4/15)
 Temple: D:4-7

Altars:
Elyvilon

Shops:
D:3 =


Innate Abilities, Weirdness & Mutations

You have a pair of horns on your head.
You reflexively headbutt those who attack you in melee.


Message History

The killer bee stings you but does no damage.
The killer bee stings you. The killer bee barely misses you.
You block the killer bee's attack. The killer bee barely misses you.
You barely miss the killer bee. You miss the killer bee.
You barely miss the killer bee.
You feel sick. The killer bee stings you!
* * * LOW HITPOINT WARNING * * *
You are more poisoned.
The killer bee poisons you! The killer bee stings you.
* * * LOW HITPOINT WARNING * * *
You are lethally poisoned!
The killer bee poisons you! The killer bee stings you.
* * * LOW HITPOINT WARNING * * *
The killer bee completely misses you. You furiously retaliate!
You headbutt the killer bee! You block the killer bee's attack.
The killer bee closely misses you. x2; The killer bee stings you!
* * * LOW HITPOINT WARNING * * *
The killer bee stings you but does no damage.
You feel better. You block the killer bee's attack.
The killer bee barely misses you. You block the killer bee's attack.
The killer bee stings you.
* * * LOW HITPOINT WARNING * * *
You are poisoned.
The killer bee poisons you! The killer bee barely misses you.
The killer bee stings you but does no damage.
You feel better. The killer bee closely misses you.
The killer bee barely misses you. You furiously retaliate!
You headbutt the killer bee. The killer bee closely misses you.
You block the killer bee's attack. The killer bee misses you. x2
You furiously retaliate!
You headbutt the killer bee! You barely miss the killer bee.
The killer bee is lightly wounded.
You closely miss the killer bee. You miss the killer bee.
The killer bee stings you but does no damage.
The killer bee stings you.
* * * LOW HITPOINT WARNING * * *
The killer bee closely misses you. The killer bee stings you.
* * * LOW HITPOINT WARNING * * *
You are lethally poisoned!
The killer bee poisons you! The killer bee stings you.
You die...

## ###############.
#.............'.
################.#############.
#.............@....# #.
#.##########.yyy...# #. #.#
#...........# #. #.#
#.#.###..#### #. #.# ##...#
#..### #. #.# #..### #....# #.
#.#####..# ##.#.##### #.
#........# ####.#.....# ##
##......####....#####.#


You could see 3 killer bees.

Vanquished Creatures
  2 scorpions
  A jelly (D:3)
  8 adders
  5 dart slugs
  3 worms
  5 orcs (D:3)
  6 bats
  8 endoplasms
  2 giant cockroaches
  6 goblins
  5 hobgoblins
  4 jackals (D:2)
  3 quokkas
  7 ball pythons
  3 frilled lizards
  7 kobolds
  7 rats
82 creatures vanquished.

Notes
Turn   | Place    | Note
-------+----------+-------------------------------------------
     0 | D:1      | bmack86 the Minotaur Fighter began the quest for the Orb.
     0 | D:1      | Reached XP level 1. HP: 19/19 MP: 0/0
   204 | D:1      | Reached XP level 2. HP: 24/26 MP: 1/1
   405 | D:1      | Reached skill level 3 in Axes
   827 | D:1      | Reached XP level 3. HP: 26/29 MP: 2/2
  1234 | D:2      | Found a faded altar of an unknown god.
  1279 | D:2      | Reached skill level 5 in Shields
  1511 | D:2      | Reached skill level 4 in Axes
  1511 | D:2      | Reached XP level 4. HP: 36/39 MP: 3/3
  1892 | D:2      | Found a white marble altar of Elyvilon.
  2103 | D:3      | Found Veprast's One-of-a-Kind Rings.
  2111 | D:3      | Reached skill level 5 in Axes
  2128 | D:3      | Reached XP level 5. HP: 29/45 MP: 4/4
  2683 | D:3      | Reached skill level 6 in Axes
  3215 | D:4      | Reached skill level 7 in Axes
  3215 | D:4      | Reached XP level 6. HP: 51/51 MP: 5/5
  3291 | D:3      | HP: 2/51 [killer bee (8)]
  3294 | D:3      | Slain by a killer bee

Illustrated notes

Levels and vault maps discovered:
D:1:      heliophobic_arrival_henge, layout_basic
D:2:      layout_basic, basic_altar, hellmonk_ecumenical_altar_blasted
D:3:      layout_basic, nicolae_shop_unique_rings
D:4:      layout_basic, serial_curves, eino_curves_03, eino_curves_01

Skill      XL: |  1  2  3  4  5 |
---------------+----------------+-----
Shields        | 4 5 |  5.0
Axes           | 3 4 5 7 |  7.2
Fighting       | |  3.6
Armour         | |  3.6

Action                   |  1- 3 |  4- 6 || total
-------------------------+-------+-------++-------
Melee: War axe           |    92 |    98 ||   190
       Headbutt          |    14 |    14 ||    28
  Use: Scroll            |       |     5 ||     5
       Potion            |       |     3 ||     3
Armor: Scale mail        |    36 |    32 ||    68
Dodge: Dodged            |    57 |    93 ||   150
Block: Buckler           |    25 |    30 ||    55
